 Dungeon Crawl Stone Soup version 0.24.0-37-gcf1ca852f1 (webtiles) character file.

Game seed: 2852267572963242748, levelgen mode: deterministic

1820480 Velka12 the Slayer (level 27, 132/285 HPs)
             Began as a Troll Fighter on Dec 6, 2019.
             Was a High Priest of Okawaru.
             Escaped with the Orb
             ... and 3 runes!
             The game lasted 03:01:21 (65723 turns).

Velka12 the Slayer (Troll Fighter)                 Turns: 65723, Time: 03:01:22

Health: 132/285    AC: 42    Str: 37    XL:     27
Magic:  28/28      EV: 20    Int:  7    God:    Okawaru [*****.]
Gold:   7908       SH: 44    Dex: 22    Spells: 26/26 levels left

rFire    + + .     SeeInvis +     - Unarmed
rCold    + + .     Gourm    +   j - +10 large shield of Ignorance {rN+ Int-4}
rNeg     + . .     Faith    .   M - +12 gold dragon scales
rPois    +         Spirit   .   G - +2 hat of the Saviour {+Blink MR+ Int+2}
rElec    +         Reflect  +   v - +1 cloak of Starlight {rElec rC+ EV+4 Stlth--}
rCorr    .         Harm     .   (gloves unavailable)
MR       +++..                  (boots unavailable)
Stlth    ..........             C - +6 amulet of reflection
HPRegen  1.37/turn              e - +4 ring of slaying
MPRegen  0.21/turn              f - ring of the Seven Tables {Int+5 Dex+4 SInv}

@: mighty
A: large, unfitting armour, claws 3, large bone plates 1, fire resistance 1,
fast metabolism 3, frail 1, gourmand, mutation resistance 1, regeneration 2,
shaggy fur 1, tough skin 3
0: Orb of Zot
}: 3/15 runes: serpentine, barnacled, slimy
a: Heroism, Finesse, Renounce Religion, Evoke Blink


You escaped.
You worshipped Okawaru.
Okawaru was extremely pleased with you.
You were not hungry.

You visited 11 branches of the dungeon, and saw 54 of its levels.
You visited the Abyss 1 time.
You also visited: Trove, Gauntlet and Volcano.

You collected 8732 gold pieces.
You spent 824 gold pieces at shops.

Inventory:

Missiles
 g - 4 throwing nets (quivered)
Armour
 j - the +10 large shield of Ignorance (worn) {rN+ Int-4}
   (You found it on level 4 of the Shoals)

   It affects your intelligence (-4).
   It protects you from negative energy.
 v - the +1 cloak of Starlight (worn) {rElec rC+ EV+4 Stlth--}
   (Okawaru gifted it to you on level 5 of the Realm of Zot)

   It affects your evasion (+4).
   It protects you from cold.
   It insulates you from electricity.
   It makes you much less stealthy.
 G - the +2 hat of the Saviour (worn) {+Blink MR+ Int+2}
   (Okawaru gifted it to you on level 12 of the Dungeon)

   It affects your intelligence (+2).
   It affects your resistance to hostile enchantments.
   It lets you blink.
 I - a +1 cloak of poison resistance
 M - +12 gold dragon scales (worn)
 S - a +1 large shield of cold resistance
Jewellery
 e - a +4 ring of slaying (left claw)
 f - the ring of the Seven Tables (right claw) {Int+5 Dex+4 SInv}
   (You took it off a deep elf death mage on level 3 of the Elven Halls)

   [ring of see invisible]

   It affects your intelligence (+5).
   It affects your dexterity (+4).
   It lets you see invisible.
 q - an uncursed ring of resist corrosion
 w - an uncursed ring of protection from fire
 x - the ring of Impatience {rPois rC+ MP+9 Dex+4}
   (You took it off a frost giant on level 1 of the Depths)

   [ring of magical power]

   It affects your dexterity (+4).
   It protects you from cold.
   It protects you from poison.
   It affects your magic capacity (+9).
 C - a +6 amulet of reflection (around neck)
 X - an uncursed ring of protection from cold
 Z - an uncursed ring of protection from magic
Wands
 o - a wand of acid (11)
 s - a wand of digging (20)
 z - a wand of paralysis (16)
 F - a wand of clouds (1)
 K - a wand of iceblast (26)
Scrolls
 h - 2 scrolls of holy word
 i - 23 scrolls of remove curse
 k - 22 scrolls of teleportation
 m - a scroll of enchant armour
 y - 5 scrolls of identify
 D - 8 scrolls of blinking
 E - 2 scrolls of fog
 H - a scroll of silence
 J - a scroll of magic mapping
 L - 6 scrolls of fear
Potions
 l - a potion of cancellation
 n - 16 potions of curing
 p - 2 potions of resistance
 t - 7 potions of brilliance
 u - 7 potions of flight
 A - 4 potions of magic
 T - 5 potions of berserk rage
Miscellaneous
 P - a lightning rod (4/4)
Comestibles
 a - 38 rations


   Skills:
 + Level 25.7 Fighting
 - Level 4.1 Throwing
 * Level 17.0 Armour
 * Level 15.0 Dodging
 - Level 15.0 Shields
 - Level 23.0 Unarmed Combat
 - Level 8.0 Invocations
 - Level 5.0 Evocations


You had 26 spell levels left.
You didn't know any spells.
Your spell library contained the following spells:

 Spells                   Type           Power        Failure   Level  Hunger
 Animate Skeleton         Necr           N/A          98%         1    ##.....
 Apportation              Tloc           #.....       98%         1    ##.....
 Beastly Appendage        Tmut           #.....       98%         1    ##.....
 Confusing Touch          Hex            #.....       98%         1    ##.....
 Corona                   Hex            #......      98%         1    ##.....
 Flame Tongue             Conj/Fire      #....        98%         1    ##.....
 Pain                     Necr           #...         98%         1    ##.....
 Sandblast                Erth           #.....       98%         1    ##.....
 Shock                    Conj/Air       #...         98%         1    ##.....
 Sting                    Conj/Pois      #...         98%         1    ##.....
 Summon Butterflies       Summ           #.......     98%         1    ##.....
 Summon Small Mammal      Summ           #...         98%         1    ##.....
 Call Imp                 Summ           #.......     99%         2    ###....
 Corpse Rot               Necr           N/A          99%         2    ###....
 Ensorcelled Hibernation  Hex/Ice        #.....       99%         2    ###....
 Passwall                 Tmut/Erth      #.......     99%         2    ###....
 Poisonous Vapours        Pois/Air       #.....       99%         2    ###....
 Slow                     Hex            #.......     99%         2    ###....
 Sticks to Snakes         Tmut           #.......     99%         2    ###....
 Sublimation of Blood     Necr           #.........   99%         2    ###....
 Swiftness                Chrm/Air       #.......     99%         2    ###....
 Throw Flame              Conj/Fire      #.....       99%         2    ###....
 Call Canine Familiar     Summ           #.......     100%        3    ####...
 Confuse                  Hex            #.......     100%        3    ####...
 Conjure Flame            Conj/Fire      #.......     100%        3    ####...
 Dazzling Spray           Conj/Hex       #.....       100%        3    ####...
 Gell's Gravitas          Tloc           #.........   100%        3    ####...
 Inner Flame              Hex/Fire       #.......     100%        3    ####...
 Lesser Beckoning         Tloc           #.........   100%        3    ####...
 Mephitic Cloud           Conj/Pois/Air  #.......     100%        3    ####...
 Portal Projectile        Hex/Tloc       #.....       100%        3    ####...
 Regeneration             Chrm/Necr      #.........   100%        3    ####...
 Spider Form              Tmut/Pois      #.........   100%        3    ####...
 Static Discharge         Conj/Air       #.......     100%        3    ####...
 Stone Arrow              Conj/Erth      #.....       100%        3    ####...
 Summon Guardian Golem    Hex/Summ       #.......     100%        3    ####...
 Tukima's Dance           Hex            #.......     100%        3    ####...
 Vampiric Draining        Necr           #.........   100%        3    ####...
 Airstrike                Air            #.........   100%        4    #####..
 Animate Dead             Necr           N/A          100%        4    #####..
 Cause Fear               Hex            #.........   100%        4    #####..
 Force Lance              Conj/Tloc      #.......     100%        4    #####..
 Ice Form                 Ice/Tmut       #.......     100%        4    #####..
 Leda's Liquefaction      Hex/Erth       #.........   100%        4    #####..
 Olgreb's Toxic Radiance  Pois           #.......     100%        4    #####..
 Petrify                  Tmut/Erth      #.......     100%        4    #####..
 Sticky Flame             Conj/Fire      #.......     100%        4    #####..
 Summon Ice Beast         Ice/Summ       #.......     100%        4    #####..
 Summon Lightning Spire   Summ/Air       #.......     100%        4    #####..
 Agony                    Necr           #.......     100%        5    ######.
 Alistair's Intoxication  Tmut/Pois      #.......     100%        5    ######.
 Blade Hands              Tmut           #.........   100%        5    ######.
 Bolt of Draining         Conj/Necr      #.........   100%        5    ######.
 Borgnjor's Vile Clutch   Necr/Erth      #.........   100%        5    ######.
 Dispel Undead            Necr           #.......     100%        5    ######.
 Excruciating Wounds      Chrm/Necr      #.........   100%        5    ######.
 Fireball                 Conj/Fire      #.........   100%        5    ######.
 Lee's Rapid Deconstruct  Erth           #.........   100%        5    ######.
 Lightning Bolt           Conj/Air       #.........   100%        5    ######.
 Metabolic Englaciation   Hex/Ice        #.........   100%        5    ######.
 Silence                  Hex/Air        #.........   100%        5    ######.
 Summon Forest            Summ/Tloc      #.........   100%        5    ######.
 Venom Bolt               Conj/Pois      #.........   100%        5    ######.
 Yara's Violent Unravell  Hex/Tmut       #.........   100%        5    ######.
 Conjure Ball Lightning   Conj/Air       #.........   100%        6    #######
 Darkness                 Hex            #.........   100%        6    #######
 Deflect Missiles         Chrm/Air       #.........   100%        6    #######
 Dispersal                Tloc           #.........   100%        6    #######
 Freezing Cloud           Conj/Ice/Air   #.........   100%        6    #######
 Hydra Form               Tmut           #.........   100%        6    #######
 Invisibility             Hex            #.......     100%        6    #######
 Shadow Creatures         Summ           N/A          100%        6    #######
 Ring of Flames           Chrm/Fire      #.........   100%        7    #######
 Summon Hydra             Summ           #.........   100%        7    #######
 Controlled Blink         Tloc           N/A          100%        8    #######
 Discord                  Hex            #.........   100%        8    #######
 Disjunction              Tloc           #.........   100%        8    #######
 Tornado                  Air            #.........   100%        9    #######
 Passage of Golubria      Tloc           Unusable     N/A         4    N/A

Dungeon Overview and Level Annotations

Branches:
Dungeon (15/15)            Temple (1/1) D:4            Lair (6/6) D:10
 Shoals (4/4) Lair:4        Snake (4/4) Lair:3        Slime (5/5) Lair:6
    Orc (2/2) D:11            Elf (3/3) Orc:2        Vaults (4/5) D:13
  Crypt (0/3) Vaults:2     Depths (5/5) D:15            Zot (5/5) Depths:5
Volcano (visited)         Gauntlet (visited)

Altars:
Ashenzari
Cheibriados
Dithmenos
Elyvilon
Fedhas
Gozag
Hepliaklqana
Kikubaaqudgha
Makhleb
Nemelex Xobeh
Okawaru
Qazlal
Ru
Sif Muna
Trog
Uskayaw
Vehumet
Wu Jian
Xom
Yredelemnul
Zin
The Shining One
Beogh
Jiyva
Lugonu

Shops:
D:6 (   D:14 *   Orc:2 :*[(   Shoals:1 :   Snake:2 :   Snake:4 [
Vaults:1 !:%%   Depths:4 }%:

Portals:
Hell: Depths:1 Depths:2 Depths:3 Depths:4 Depths:5
Abyss: Depths:4 Depths:5
Pandemonium: Depths:3
Ziggurat: Depths:3

Annotations:
D:15 1 runed translucent door, Lyniq's ghost, journeyman DrTm
Lair:2 1 runed translucent door, dikkface's ghost, journeyman MiFi
Lair:3 exclusion: oklob plant
Shoals:1 2 transporters
Elf:2 3 runed translucent doors
Depths:1 1 runed translucent door
Zot:4 1 runed translucent door, Muataran's ghost, veteran MiMo


Innate Abilities, Weirdness & Mutations

You are too large for most types of armour.
You have claws for hands.
Your metabolism is lightning-fast.
You like to eat raw meat.
You heal very quickly.
You are covered in fur. (AC +1)
You have extremely tough skin. (AC +3)
You are partially covered in large bone plates. (SH +4)
Your flesh is heat resistant. (rF+)
You are frail. (-10% HP)
You are somewhat resistant to further mutation.


Message History

You kill the orange demon!
Okawaru accepts your kill.
There is a stone staircase leading down here.
You see here a +0 club.
Evoke which item? (* to show all) (? for menu, Esc to quit)
Aiming: Dig
Press: ? - help, Shift-Dir - straight line You can't see that place.
The rock shatters into small pieces.
A red devil, a balrug and 2 sun demons come into view.
The balrug is wielding a +2 demon whip of venom.
The sun demon shouts!
You feel like a meek peon again.
Your extra speed is starting to run out.
There is an open gate here.
Your claws slow down.
There is an open door here.
There is a staircase leading out of the dungeon here.
You feel yourself slow down.
You have escaped!

###################
#....#...8...#....#
#.⌠..'.8...8.#..@.#
#....#...⌠...#....#
#....#.......'....#
###..#......3#..###
.♣####..8.8..####
.♣♣♣ #....3..# ♣♣♣
...♣♣###...###♣♣.♣
....♣♣♣#'''#♣♣...♣
##♣..............♣


You could see 2 sun demons.

Vanquished Creatures
  the Royal Jelly (Slime:5)
  2 pandemonium lords
  4 ancient liches
  5 orbs of fire
  Mara (Depths:2)
  2 juggernauts
  A greater mummy (Depths:2)
  Boris (twice) (Vaults:3 Depths:4)
  A shard shrike (Zot:2)
  Vashnia (Snake:3)
  Bai Suzhen (Vaults:3)
  2 caustic shrikes
  7 Killer Klowns
  7 golden dragons
  Nikola (Shoals:1)
  5 electric golems
  3 liches
  15 tentacled monstrosities
  An Ice Fiend (D:8)
  28 Orb Guardians
  4 titans
  A deep elf blademaster (Elf:3)
  11 quicksilver dragons
  A tentacled starspawn (Abyss:3)
  15 acid blobs
  4 sphinxes
  13 death cobs
  3 krakens
  6 shadow dragons
  2 tengu reavers
  An Executioner (Abyss:3)
  13 draconian monks
  Donald (Snake:2)
  14 storm dragons
  12 draconian knights
  13 azure jellies
  9 nagarajas
  3 cacodemons (Abyss:3)
  2 orc warlords
  10 frost giants
  3 iron dragons (Depths:4)
  12 fire giants
  7 deep elf sorcerers
  11 vault wardens
  2 ghost moths
  8 draconian scorchers
  7 draconian shifters
  8 deep elf elementalists
  7 draconian annihilators
  3 draconian stormcallers
  A spriggan defender (Depths:3)
  16 ironheart preservers
  12 green draconians
  16 very ugly things
  A war gargoyle (Vaults:1)
  2 entropy weavers
  27 stone giants
  5 vampire knights
  A lorocyproca (D:1)
  5 deep elf annihilators
  20 black draconians
  17 yellow draconians
  Azrael (D:13)
  18 red draconians
  19 purple draconians
  4 deep elf demonologists
  5 spark wasps
  17 white draconians
  10 ettins
  6 death oozes
  10 deep elf death magi
  Josephine (Lair:5)
  15 fire dragons
  A fire dragon (shapeshifter) (D:15)
  9 merfolk impalers
  10 deep elf high priests
  18 naga warriors
  11 yaktaur captains
  12 great orbs of eyes
  16 ice dragons
  3 vault guards
  A hell beast (Depths:1)
  7 hydras
  7 rakshasas
  Fannar (Lair:1)
  5 spriggan air magi
  A catoblepas (D:13)
  28 two-headed ogres
  A two-headed ogre (shapeshifter) (Depths:3)
  2 alligator snapping turtles
  An anaconda (shapeshifter) (Depths:4)
  12 centaur warriors
  2 death knights
  14 ogre magi
  10 merfolk aquamancers
  2 merfolk avatars
  9 anacondas
  18 dancing weapons
  5 death yaks (Lair:5)
  3 tengu warriors
  10 deep troll shamans
  4 shock serpents
  6 deep troll earth magi
  6 spriggan berserkers
  12 orc high priests
  13 naga sharpshooters
  A sun demon (D:13)
  63 slime creatures
  16 deep elf knights
  2 fire crabs (shapeshifter)
  5 hell knights
  A shadow wraith (Vaults:3)
  10 large abominations
  2 salamander mystics (Snake:4)
  4 iron trolls
  2 skeletal warriors (Vaults:2)
  35 deep trolls
  A golden dragon zombie (Depths:2)
  An unseen horror (shapeshifter) (Depths:3)
  7 glowing orange brains
  An infernal demonspawn (D:3)
  9 naga ritualists
  5 wizards
  18 ironbrand convokers
  3 flayed ghosts
  18 sea snakes
  2 phantasmal warriors (Vaults:2)
  3 obsidian statues
  15 deep elf archers
  An orange crystal statue (Depths:4)
  A gelid demonspawn (Depths:3)
  8 necromancers
  5 orc sorcerers (Orc:2)
  6 wolf spiders
  19 harpies
  4 shining eyes
  6 oklob plants (Zot:4)
  A stone giant zombie (Depths:2)
  2 fire giant zombies (Depths:2)
  2 frost giant zombies
  An iron dragon zombie (Depths:2)
  2 fauns
  A faun (shapeshifter) (Depths:3)
  An orb spider (shapeshifter) (Elf:3)
  10 mana vipers
  18 orc knights
  9 salamanders
  11 manticores
  23 moths of wrath
  A worldbinder (Abyss:3)
  9 cyclopes
  52 deep elf magi
  6 elephants (Lair:6)
  An elephant (shapeshifter) (Vaults:1)
  17 guardian serpents
  A centaur zombie (D:15)
  43 ugly things
  A cyclops (shapeshifter) (Elf:3)
  6 merfolk sirens
  Joseph (D:9)
  7 water nymphs
  18 naga magi
  28 spiny frogs
  12 vault sentinels
  A gargoyle (D:15)
  35 black mambas
  3 orange demons
  4 eyes of devastation
  5 spectral swamp worms (Depths:4)
  An elf zombie (Depths:2)
  A torpor snail (Lair:6)
  2 yaktaurs (shapeshifter)
  A rime drake (shapeshifter) (Depths:4)
  An efreet (D:14)
  A rime drake (Lair:6)
  8 freezing wraiths
  3 guardian mummies (Depths:2)
  36 yaktaurs
  An entropy weaver simulacrum (Vaults:2)
  26 merfolk
  10 komodo dragons
  3 tengu conjurers
  A troll (shapeshifter) (D:13)
  11 trolls
  3 tyrant leeches (Lair:6)
  A polar bear (Lair:3)
  A queen bee (shapeshifter) (D:15)
  A queen bee (Lair:2)
  3 hornets (shapeshifter)
  A jumping spider (Vaults:1)
  26 blink frogs
  2 spriggan zombies (Depths:2)
  3 wind drakes
  9 hornets
  6 dream sheep (Lair:4)
  12 hippogriffs
  9 snapping turtles
  A snapping turtle (shapeshifter) (Depths:3)
  A raiju (shapeshifter) (Depths:3)
  4 spriggans
  2 air elementals
  17 water elementals
  A shadow (D:13)
  A ynoxinul (D:1)
  3 redbacks
  A tarantella (Vaults:1)
  5 wraiths
  A vampire (D:13)
  A hog (D:7)
  A wyvern (D:11)
  19 yaks
  A steam dragon (shapeshifter) (Depths:3)
  Grum (Lair:1)
  6 fire elementals
  14 golden eyes
  3 chaos spawn
  A basilisk (shapeshifter) (Vaults:4)
  2 hungry ghosts
  A steam dragon (D:10)
  6 basilisks
  16 vampire mosquitoes
  7 wargs
  6 hell hounds
  62 nagas
  3 acid dragons
  14 water moccasins
  A tengu zombie (Depths:2)
  A floating eye (Depths:5)
  2 hydra simulacra (Zot:2)
  7 porcupines
  A floating eye (shapeshifter) (Depths:4)
  9 sky beasts
  2 eyes of draining (shapeshifter)
  A swamp drake (D:11)
  A slave (D:7)
  51 orc warriors
  9 ice beasts
  2 phantoms
  32 ogres
  28 centaurs
  2 necrophages
  13 boggarts
  10 eyes of draining
  14 wolves
  An orc skeleton (Vaults:2)
  20 crocodiles
  2 big kobolds (D:9)
  4 human zombies
  31 bullfrogs
  8 earth elementals
  2 human simulacra (Vaults:1)
  3 human skeletons (Vaults:2)
  A glowing shapeshifter simulacrum (Vaults:3)
  A gnoll sergeant (D:6)
  A water moccasin zombie (D:7)
  A wyvern skeleton (D:12)
  6 scorpions
  A scorpion (shapeshifter) (Depths:2)
  39 killer bees
  8 wights
  9 electric eels
  7 howler monkeys
  14 small abominations
  12 crimson imps
  3 starcursed masses
  4 bullfrog zombies
  6 jellies
  3 quasits
  7 bullfrog skeletons
  26 orc priests
  4 centaur skeletons
  11 hounds
  A gnoll shaman (D:6)
  32 orc wizards
  An iron imp (Depths:1)
  6 iguanas
  4 worker ants
  A lightning spire (Zot:4)
  3 hound zombies
  4 mummies (Depths:2)
  2 worker ant zombies
  Robin (D:3)
  11 adders
  17 gnolls
  A river rat (D:11)
  2 shadow imps
  5 oozes
  3 adder skeletons
  An adder zombie (D:7)
  A worm (D:3)
  A dart slug (D:1)
  2 leopard geckos
  101 orcs
  5 bats
  3 giant cockroaches
  14 goblins
  8 hobgoblins
  17 jackals
  21 kobolds
  7 quokkas
  2 ball pythons
  3 frilled lizards
  A leopard gecko zombie (D:7)
  A quokka zombie (D:5)
  4 rats
  2 crawling corpses
  6 plants
  12 tentacles
2502 creatures vanquished.

Vanquished Creatures (collateral kills)
  An acid blob (Slime:4)
  An azure jelly (Slime:4)
  A deep elf sorcerer (Elf:3)
3 creatures vanquished.

Vanquished Creatures (others)
  2 deep elf master archers (Elf:3)
  A spriggan defender (Depths:3)
  3 stone giants
  Nessos (D:15)
  A naga warrior (Snake:2)
  3 yaktaur captains
  2 naga sharpshooters
  A deep elf knight (Elf:3)
  A deep elf archer (Elf:1)
  A deep elf mage (Elf:3)
  2 cyclopes (Vaults:1)
  A manticore (Shoals:3)
  A black mamba (Snake:3)
  6 yaktaurs
  A hornet (Depths:3)
  A spriggan (Depths:3)
  2 ogres
  A boggart (Vaults:3)
  5 centaurs
  An orc wizard (Vaults:1)
  5 demonic plants (Gauntlet)
  13 fungi
  60 plants
  2 starspawn tentacles (Abyss:3)
  44 tentacles
161 creatures vanquished.

Grand Total: 2666 creatures vanquished

Notes
Turn   | Place    | Note
-------+----------+-------------------------------------------
     0 | D:1      | Velka12 the Troll Fighter began the quest for the Orb.
     0 | D:1      | Reached XP level 1. HP: 22/22 MP: 0/0
   152 | D:1      | Found a sparkling altar of Nemelex Xobeh.
   159 | D:1      | Reached XP level 2. HP: 29/29 MP: 1/1
   713 | D:1      | Paralysed by fainting for 5 turns
  1025 | D:2      | Reached XP level 3. HP: 36/36 MP: 2/2
  1559 | D:3      | Reached XP level 4. HP: 42/44 MP: 3/3
  1972 | D:3      | Reached XP level 5. HP: 49/50 MP: 4/4
  2320 | D:4      | Noticed Robin
  2330 | D:3      | Killed Robin
  2345 | D:4      | Noticed an ogre
  2566 | D:4      | Killed an ogre
  2566 | D:4      | Reached skill level 5 in Unarmed Combat
  2566 | D:4      | Reached XP level 6. HP: 59/59 MP: 5/5
  2631 | D:4      | Found a radiant altar of Vehumet.
  2880 | D:4      | Found a sacrificial altar of Ru.
  2959 | D:4      | Found a staircase to the Ecumenical Temple.
  3076 | Temple   | Entered the Ecumenical Temple
  3172 | Temple   | Became a worshipper of Warmaster Okawaru
  3220 | D:5      | Entered Level 5 of the Dungeon
  3229 | D:5      | Noticed an ice beast
  3238 | D:5      | Killed an ice beast
  3296 | D:5      | Reached XP level 7. HP: 64/66 MP: 6/6
  4092 | D:6      | Found Rinwygus's Antique Weapon Boutique.
  4219 | D:6      | Reached * piety under Okawaru
  4284 | D:6      | Reached skill level 5 in Shields
  4332 | D:6      | Reached XP level 8. HP: 70/74 MP: 7/7
  4453 | D:6      | Reached ** piety under Okawaru
  4976 | D:7      | Reached XP level 9. HP: 80/80 MP: 8/8
  4991 | D:7      | Reached *** piety under Okawaru
  4996 | D:7      | Reached skill level 1 in Invocations
  5020 | D:7      | Reached skill level 10 in Unarmed Combat
  5330 | D:7      | Reached **** piety under Okawaru
  5621 | D:7      | Noticed Pikel
  5625 | D:7      | Noticed Pikel
  5625 | D:7      | Pikel changed into Pikel the hog
  5660 | D:7      | Killed Pikel the hog
  5813 | D:8      | Reached XP level 10. HP: 67/88 MP: 11/11
  7052 | D:9      | Received a gift from Okawaru
  7188 | D:9      | Noticed a two-headed ogre
  7371 | D:9      | Killed a two-headed ogre
  7371 | D:9      | Reached skill level 5 in Invocations
  7411 | D:9      | Reached ***** piety under Okawaru
  7428 | D:9      | Noticed Joseph
  7442 | D:9      | Killed Joseph
  7733 | D:10     | Entered Level 10 of the Dungeon
  7891 | D:10     | Reached XP level 11. HP: 94/94 MP: 14/14
  8355 | D:10     | Found a staircase to the Lair.
  8611 | D:10     | Noticed a two-headed ogre
  8619 | D:10     | Killed a two-headed ogre
  8903 | D:11     | Noticed a purple ugly thing
  8980 | D:11     | Killed a purple ugly thing
  8994 | D:11     | Noticed Maurice
  9112 | D:11     | Noticed Maurice
  9112 | D:11     | Maurice changed into Maurice the ogre
  9116 | D:11     | Killed Maurice the ogre
  9160 | D:11     | You fall into a shaft and drop 1 floor!
  9192 | D:12     | Noticed a green ugly thing
  9208 | D:12     | Killed a green ugly thing
  9355 | D:12     | Received a gift from Okawaru
  9359 | D:12     | Got a twisted hat {god gift}
  9369 | D:12     | Identified the +2 hat of the Saviour {+Blink MR+ Int+2}
                  | (Okawaru gifted it to you on level 12 of the Dungeon)
  9629 | D:12     | Noticed a five-headed hydra
  9643 | D:12     | Killed a five-headed hydra
  9643 | D:12     | Reached ****** piety under Okawaru
  9643 | D:12     | Reached skill level 1 in Evocations
  9731 | D:12     | Reached XP level 12. HP: 67/104 MP: 15/15
 10389 | D:11     | Found a staircase to the Orcish Mines.
 10786 | Lair:1   | Entered Level 1 of the Lair of Beasts
 10823 | Lair:1   | Found a gate leading to a gauntlet.
 10829 | Lair:1   | Noticed Grum
 10851 | Lair:1   | Killed Grum
 10860 | Gauntlet | Entered a Gauntlet
 10860 | Gauntlet | Found a transporter.
 10860 | Gauntlet | Found a transporter.
 10860 | Gauntlet | Found a transporter.
 10877 | Gauntlet | Found a transporter.
 10883 | Gauntlet | Found a transporter.
 10883 | Gauntlet | Noticed a catoblepas
 10889 | Gauntlet | Found a transporter.
 10890 | Gauntlet | Found a transporter.
 10897 | Gauntlet | Found a transporter.
 10900 | Gauntlet | Noticed a cacodemon
 10915 | Gauntlet | Found a transporter.
 10920 | Gauntlet | Found a transporter.
 10922 | Gauntlet | Found a runed translucent door.
 10923 | Gauntlet | Found a transporter.
 10933 | Gauntlet | Found a transporter.
 11039 | Lair:1   | Found a dark tunnel.
 11049 | Lair:1   | Reached skill level 15 in Unarmed Combat
 11071 | Volcano  | Entered a volcano
 11124 | Volcano  | Noticed a centaur warrior
 11129 | Volcano  | Killed a centaur warrior
 11240 | Volcano  | Found a burning altar of Makhleb.
 11360 | Volcano  | Received a gift from Okawaru
 11382 | Volcano  | Got a brightly glowing fustibalus {god gift}
 11385 | Volcano  | Identified the +9 fustibalus of the Last Shrikes {venom,
                  | rC+} (Okawaru gifted it to you in a volcano)
 11617 | Lair:1   | Noticed Fannar
 11628 | Lair:1   | Killed Fannar
 12994 | Lair:2   | Reached skill level 3 in Fighting
 13162 | Lair:2   | Found a runed translucent door.
 13169 | Lair:2   | Reached XP level 13. HP: 111/111 MP: 17/17
 13174 | Lair:2   | Identified the +0 spear of the Maze {protect, Fragile rN+
                  | MP+9 Int+2}
 13176 | Lair:2   | Noticed dikkface's ghost (journeyman MiFi)
 13192 | Lair:2   | Received a gift from Okawaru
 13545 | Lair:2   | Reached skill level 1 in Armour
 14206 | Lair:3   | Found a staircase to the Snake Pit.
 14437 | Lair:3   | Reached skill level 4 in Fighting
 15099 | Lair:4   | Found a staircase to the Shoals.
 15315 | Lair:4   | Reached skill level 5 in Evocations
 15504 | Lair:5   | Received a gift from Okawaru
 15672 | Lair:5   | Noticed Josephine
 15681 | Lair:5   | Reached skill level 5 in Fighting
 15688 | Lair:5   | Killed Josephine
 16604 | Lair:6   | Entered Level 6 of the Lair of Beasts
 16911 | Lair:6   | Reached XP level 14. HP: 120/128 MP: 19/19
 16944 | Lair:6   | Reached skill level 6 in Fighting
 16944 | Lair:6   | Reached skill level 5 in Armour
 17232 | Lair:6   | Received a gift from Okawaru
 17792 | Lair:6   | Found a viscous altar of Jiyva.
 17792 | Lair:6   | Found a staircase to the Slime Pits.
 18693 | D:13     | Reached skill level 7 in Fighting
 18859 | D:13     | Found a gate to the Vaults.
 18859 | D:13     | Noticed an ironheart preserver
 18870 | D:13     | Killed an ironheart preserver
 19005 | D:13     | Noticed Azrael
 19023 | D:13     | Killed Azrael
 19023 | D:13     | Received a gift from Okawaru
 19023 | D:13     | Reached skill level 10 in Shields
 19859 | D:14     | Reached XP level 15. HP: 140/140 MP: 1/20
 20254 | D:14     | Found Zulyisoe's Assorted Antiques.
 20258 | D:14     | Bought a scroll of identify for 70 gold pieces
 20258 | D:14     | Bought a scroll of identify for 70 gold pieces
 20590 | D:15     | Entered Level 15 of the Dungeon
 20718 | D:15     | Found a runed translucent door.
 20720 | D:15     | Noticed Lyniq's ghost (journeyman DrTm)
 20777 | D:15     | Reached skill level 8 in Fighting
 20787 | D:15     | Received a gift from Okawaru
 20876 | D:15     | Noticed Nessos
 20885 | D:15     | Killed Nessos
 21125 | D:15     | Found a staircase to the Depths.
 21505 | Orc:1    | Entered Level 1 of the Orcish Mines
 21709 | Orc:1    | Found a bloodstained altar of Trog.
 22132 | Orc:2    | Entered Level 2 of the Orcish Mines
 22233 | Orc:2    | Received a gift from Okawaru
 22500 | Orc:2    | Noticed an orc warlord
 22540 | Orc:1    | Killed an orc warlord
 22765 | Orc:2    | Found Ivonoeph's General Store.
 22766 | Orc:2    | Found Viesmeff's Book Shoppe.
 22775 | Orc:2    | Found Nerikkip's Antique Armour Emporium.
 22775 | Orc:2    | Found Kitapt's Antique Weapon Emporium.
 22889 | Orc:2    | Found a staircase to the Elven Halls.
 23512 | Snake:1  | Entered Level 1 of the Snake Pit
 23536 | Snake:1  | Reached XP level 16. HP: 112/154 MP: 21/21
 23902 | Snake:1  | Reached skill level 9 in Fighting
 24365 | Snake:2  | Found Intosh's Book Emporium.
 24484 | Snake:2  | Noticed Donald
 24496 | Snake:2  | Killed Donald
 24513 | Snake:2  | Received a gift from Okawaru
 25557 | Snake:3  | Noticed Vashnia
 25735 | Snake:3  | Killed Vashnia
 25735 | Snake:3  | Received a gift from Okawaru
 26261 | Snake:3  | Reached XP level 17. HP: 46/165 MP: 19/22
 26438 | Snake:3  | Received a gift from Okawaru
 26669 | Snake:4  | Entered Level 4 of the Snake Pit
 26688 | Snake:4  | Reached skill level 5 in Dodging
 27266 | Snake:4  | Reached skill level 10 in Fighting
 27322 | Snake:4  | Found Baishraul's Antique Armour Shop.
 27332 | Snake:4  | Bought a bloodstained hat for 270 gold pieces
 27332 | Snake:4  | Identified the +1 hat of Eternal Vigilance {Str+4} (You
                  | bought it in a shop on level 4 of the Snake Pit)
 28075 | Snake:4  | Received a gift from Okawaru
 29468 | Snake:4  | Got a serpentine rune of Zot
 29925 | Shoals:1 | Entered Level 1 of the Shoals
 29925 | Shoals:1 | Found a transporter.
 29960 | Shoals:1 | Noticed Nikola
 29981 | Shoals:1 | Killed Nikola
 29981 | Shoals:1 | Reached skill level 10 in Armour
 30002 | Shoals:1 | Found Niebueso's Book Emporium.
 30042 | Shoals:1 | Found a transporter.
 30124 | Shoals:1 | Reached XP level 18. HP: 80/176 MP: 15/23
 32272 | Shoals:4 | Entered Level 4 of the Shoals
 32312 | Shoals:4 | Received a gift from Okawaru
 32712 | Shoals:4 | Identified the cursed +0 robe "Nyhah" {rElec rPois}
 32762 | Shoals:4 | Reached skill level 11 in Fighting
 32879 | Shoals:4 | Found the +10 large shield of Ignorance {rN+ Int-4}
 32944 | Shoals:4 | Received a gift from Okawaru
 33064 | Shoals:4 | Got a barnacled rune of Zot
 34079 | Elf:1    | Entered Level 1 of the Elven Halls
 34591 | Elf:1    | Reached XP level 19. HP: 185/185 MP: 24/24
 35028 | Elf:1    | Reached skill level 15 in Shields
 35083 | Elf:2    | Found a roughly hewn altar of Beogh.
 35088 | Elf:2    | Received a gift from Okawaru
 35739 | Elf:2    | Received a gift from Okawaru
 35809 | Elf:2    | Found a runed translucent gate.
 35809 | Elf:2    | Found a runed translucent gate.
 35809 | Elf:2    | Found a runed translucent gate.
 36205 | Elf:2    | Found an ancient bone altar of Kikubaaqudgha.
 36239 | Elf:3    | Entered Level 3 of the Elven Halls
 36618 | Elf:3    | Cast into level 2 of the Abyss (a deep elf sorcerer)
 36678 | Abyss:2  | Paralysed by accursed screaming for 1 turns
 36816 | Abyss:3  | Received a gift from Okawaru
 36826 | Abyss:3  | Paralysed by a floating eye for 4 turns
 36876 | Abyss:3  | Paralysed by a floating eye for 4 turns
 36881 | Elf:3    | Escaped the Abyss
 36893 | Elf:3    | Reached skill level 12 in Fighting
 37072 | Elf:3    | Noticed a Brimstone Fiend
 37090 | Elf:3    | Noticed a Tzitzimitl
 37692 | Elf:2    | Reached XP level 20. HP: 195/198 MP: 25/25
 38021 | Elf:3    | Identified the amulet of Bijorchuts {+Rage rF+ Dex+2}
 38028 | Elf:3    | Identified the ring of the Seven Tables {Int+5 Dex+4 SInv}
 38072 | Elf:3    | Identified the +0 plate armour of Fasapnu {rElec}
 38133 | Elf:3    | Identified the +6 dagger "Xaod" {freeze, Dex+4}
 38239 | Elf:3    | Identified the +5 short sword of Mopt {venom, *Slow rPois
                  | MP+9 Int+4}
 38388 | Elf:3    | Identified the Incunabulum of Curses and Toxins
 38651 | Elf:3    | Got pitted fire dragon scales
 38672 | Elf:3    | Identified the cursed +0 fire dragon scales of the Tick
                  | {+Fly rF++ rC- MR+} (You found it on level 3 of the Elven
                  | Halls)
 38927 | Vaults:1 | Entered Level 1 of the Vaults
 39031 | Vaults:1 | Received a gift from Okawaru
 39210 | Vaults:1 | Found Wobishrua's Book Shoppe.
 39216 | Vaults:1 | Found Tota's Food Shop.
 39293 | Vaults:1 | Found Kuiqaz's Distillery.
 39330 | Vaults:1 | Bought a potion of heal wounds for 90 gold pieces
 39330 | Vaults:1 | Bought 2 potions of curing for 108 gold pieces
 39330 | Vaults:1 | Bought a potion of curing for 54 gold pieces
 39330 | Vaults:1 | Bought 2 potions of curing for 108 gold pieces
 39330 | Vaults:1 | Bought a potion of curing for 54 gold pieces
 39422 | Vaults:1 | Found Fasiath's Food Emporium.
 40729 | Vaults:2 | Received a gift from Okawaru
 40732 | Vaults:2 | Reached skill level 13 in Fighting
 40745 | Vaults:2 | Reached XP level 21. HP: 202/210 MP: 26/26
 40757 | Vaults:2 | Paralysed by a hornet for 3 turns
 41578 | Vaults:2 | Received a gift from Okawaru
 41618 | Vaults:2 | Found a staircase to the Crypt.
 41618 | Vaults:2 | Found an ancient bone altar of Kikubaaqudgha.
 41619 | Vaults:2 | Found a basalt altar of Yredelemnul.
 41752 | Vaults:2 | Noticed a golden dragon
 41753 | Vaults:2 | a golden dragon changed into an iron giant
 41756 | Vaults:2 | Noticed a caustic shrike
 41756 | Vaults:2 | an iron giant changed into a caustic shrike
 41765 | Vaults:2 | a caustic shrike changed into a shadow dragon
 41929 | Vaults:3 | Found an iron altar of Okawaru.
 42065 | Vaults:3 | Noticed Boris
 42078 | Vaults:3 | Killed Boris
 42568 | Vaults:3 | Reached skill level 14 in Fighting
 42569 | Vaults:3 | Reached skill level 10 in Dodging
 42893 | Vaults:3 | Noticed Bai Suzhen
 42907 | Vaults:3 | Killed Bai Suzhen
 42995 | Vaults:3 | Received a gift from Okawaru
 43405 | Vaults:4 | Reached XP level 22. HP: 223/223 MP: 24/27
 43674 | Vaults:4 | Received a gift from Okawaru
 44250 | Vaults:4 | Found a portal to a secret trove of treasure.
 44448 | Vaults:4 | You paid a toll of 3 potions of resistance to enter a
                  | treasure trove
 44449 | Trove    | Entered a treasure trove
 44783 | Depths:1 | Entered Level 1 of the Depths
 44851 | Depths:1 | Received a gift from Okawaru
 44996 | Depths:1 | Reached XP level 23. HP: 232/232 MP: 28/28
 45335 | Depths:1 | Found a gateway to Hell.
 45478 | Depths:1 | Identified the ring "Yxeng" {*Drain rF+ rN+ Int+9 Stlth-}
 45573 | Depths:1 | Found a runed translucent door.
 45608 | Depths:1 | Identified the ring of Impatience {rPois rC+ MP+9 Dex+4}
 46332 | Depths:2 | Reached skill level 15 in Fighting
 46458 | Depths:2 | Received a gift from Okawaru
 46939 | Depths:2 | Noticed Mara
 46947 | Depths:2 | Noticed Velka12's illusion
 46984 | Depths:2 | Killed Mara
 47119 | Depths:2 | Noticed a greater mummy
 47125 | Depths:2 | Killed a greater mummy
 47669 | Depths:3 | Reached XP level 24. HP: 221/247 MP: 28/28
 47683 | Depths:3 | Received a gift from Okawaru
 47853 | Depths:3 | Found a one-way gate leading to the halls of Pandemonium.
 47854 | Depths:3 | Found a gateway to a ziggurat.
 47867 | Depths:3 | Found a bloodstained altar of Trog.
 47867 | Depths:3 | Found a sacrificial altar of Ru.
 47868 | Depths:3 | Found a blossoming altar of Fedhas.
 47890 | Depths:3 | Reached skill level 16 in Fighting
 48666 | Depths:3 | Reached skill level 17 in Fighting
 48953 | Depths:3 | Received a gift from Okawaru
 49077 | Depths:3 | Noticed a juggernaut
 49096 | Depths:3 | Killed a juggernaut
 49583 | Depths:4 | Reached skill level 18 in Fighting
 49688 | Depths:4 | Found Joed's One-of-a-Kind Books.
 49727 | Depths:4 | Found a one-way gate to the infinite horrors of the Abyss.
 50024 | Depths:4 | Found a runed translucent door.
 50036 | Depths:4 | Found a runed translucent door.
 50044 | Depths:4 | You fall into a shaft and drop 1 floor!
 50044 | Depths:5 | Entered Level 5 of the Depths
 50049 | Depths:5 | Got a jewelled cloak
 50057 | Depths:5 | Noticed a juggernaut
 50068 | Depths:5 | Killed a juggernaut
 50068 | Depths:5 | Received a gift from Okawaru
 50239 | Depths:4 | Identified the cursed -5 cloak "Jiawn" {Str-2 Dex+6} (You
                  | found it on level 5 of the Depths)
 50253 | Depths:4 | Found Ojeywn Meem's Food Shop.
 50253 | Depths:4 | Found Xeajumn's Gadget Boutique.
 50347 | Depths:4 | Noticed Boris
 50359 | Depths:4 | Killed Boris
 50892 | Depths:4 | Reached XP level 25. HP: 267/267 MP: 21/28
 50933 | Depths:4 | Reached skill level 19 in Fighting
 50951 | Depths:4 | Received a gift from Okawaru
 51234 | Depths:5 | Found a corrupted altar of Lugonu.
 51317 | Depths:5 | Paralysed by a great orb of eyes for 6 turns
 51929 | Depths:5 | Found a gate to the Realm of Zot.
 52186 | Depths:5 | Paralysed by a floating eye for 4 turns
 52196 | Depths:5 | Reached skill level 20 in Fighting
 52202 | Depths:5 | Paralysed by a floating eye for 4 turns
 53242 | Slime:1  | Entered Level 1 of the Pits of Slime
 54147 | Slime:5  | Entered Level 5 of the Pits of Slime
 54497 | Slime:5  | Gained mutation: Your spells are a little easier to cast,
                  | but a little less powerful. [a shining eye]
 54536 | Slime:5  | Received a gift from Okawaru
 54648 | Slime:5  | Noticed the Royal Jelly
 54684 | Slime:5  | Killed the Royal Jelly
 54684 | Slime:5  | Reached skill level 21 in Fighting
 55087 | Slime:5  | Gained mutation: You tend to lose your temper in combat. [a
                  | shining eye]
 55092 | Slime:5  | Gained mutation: You are clumsy. (Dex -2) [a shining eye]
 55122 | Slime:5  | Found the +12 glaive of Prune {chop}
 55242 | Slime:5  | Got jewelled pearl dragon scales
 55243 | Slime:5  | Identified the +11 pearl dragon scales of Woimomag {rElec
                  | rN+} (You found it on level 5 of the Pits of Slime)
 55271 | Slime:5  | Got a slimy rune of Zot
 55918 | Zot:1    | Entered Level 1 of the Realm of Zot
 55931 | Zot:1    | Reached XP level 26. HP: 272/288 MP: 27/28
 55986 | Zot:1    | Received a gift from Okawaru
 56261 | Depths:5 | Lost mutation: Your spells are a little easier to cast, but
                  | a little less powerful. [potion of mutation]
 56261 | Depths:5 | Lost mutation: You are clumsy. (Dex -2) [potion of
                  | mutation]
 56261 | Depths:5 | Lost mutation: You tend to lose your temper in combat.
                  | [potion of mutation]
 56261 | Depths:5 | Gained mutation: You are partially covered in large bone
                  | plates. (SH +4) [potion of mutation]
 56261 | Depths:5 | Gained mutation: You are agile. (Dex +2) [potion of
                  | mutation]
 56261 | Depths:5 | Gained mutation: You are somewhat resistant to further
                  | mutation. [potion of mutation]
 56392 | Zot:1    | Reached skill level 22 in Fighting
 57384 | Zot:2    | Received a gift from Okawaru
 57394 | Zot:2    | Reached skill level 23 in Fighting
 57555 | Zot:2    | Received a gift from Okawaru
 57669 | Zot:2    | Noticed an orb of fire
 57686 | Zot:2    | Killed an orb of fire
 59348 | Zot:2    | Received a gift from Okawaru
 59694 | Zot:3    | Reached XP level 27. HP: 308/308 MP: 28/28
 59775 | Zot:3    | You fall into a shaft and drop 1 floor!
 60111 | Zot:4    | Reached skill level 24 in Fighting
 60678 | Zot:4    | Received a gift from Okawaru
 60948 | Zot:4    | Found a runed translucent door.
 61021 | Zot:4    | Noticed Muataran's ghost (veteran MiMo)
 61470 | Zot:3    | Reached skill level 25 in Fighting
 62615 | Zot:5    | Entered Level 5 of the Realm of Zot
 63130 | Zot:5    | Reached skill level 15 in Armour
 63142 | Zot:5    | Noticed an ancient lich
 63142 | Zot:5    | Noticed an ancient lich
 63220 | Zot:5    | Noticed an orb of fire
 63230 | Zot:5    | Killed an ancient lich
 63230 | Zot:5    | Received a gift from Okawaru
 63236 | Zot:5    | Killed an orb of fire
 63239 | Zot:5    | Noticed an orb of fire
 63244 | Zot:5    | Killed an ancient lich
 63250 | Zot:5    | HP: 10/314 [orb of fire/fireball (27)]
 63256 | Zot:5    | Gained mutation: Armour fits poorly on your strangely
                  | shaped body. [an orb of fire]
 63259 | Zot:5    | Gained mutation: Scrolls take you a little longer to read.
                  | [an orb of fire]
 63271 | Zot:5    | Killed an orb of fire
 63468 | Zot:4    | Lost mutation: Scrolls take you a little longer to read.
                  | [potion of mutation]
 63468 | Zot:4    | Lost mutation: You are somewhat resistant to further
                  | mutation. [potion of mutation]
 63468 | Zot:4    | Gained mutation: Your spells are a little harder to cast,
                  | but a little more powerful. [potion of mutation]
 63468 | Zot:4    | Gained mutation: You are partially covered in slimy green
                  | scales. (AC +2) [potion of mutation]
 63468 | Zot:4    | Gained mutation: You are frail. (-10% HP) [potion of
                  | mutation]
 63468 | Zot:4    | Gained mutation: You are mostly covered in large bone
                  | plates. (SH +6) [potion of mutation]
 63469 | Zot:4    | Lost mutation: You are frail. (-10% HP) [potion of
                  | mutation]
 63469 | Zot:4    | Lost mutation: You are agile. (Dex +2) [potion of mutation]
 63469 | Zot:4    | Lost mutation: You are partially covered in slimy green
                  | scales. (AC +2) [potion of mutation]
 63469 | Zot:4    | Lost mutation: Armour fits poorly on your strangely shaped
                  | body. [potion of mutation]
 63469 | Zot:4    | Gained mutation: You heal very quickly. [potion of
                  | mutation]
 63522 | Zot:5    | Noticed an orb of fire
 63534 | Zot:5    | Killed an orb of fire
 63568 | Zot:5    | Noticed an ancient lich
 63572 | Zot:5    | Noticed an orb of fire
 63665 | Zot:5    | Noticed an ancient lich
 63739 | Zot:4    | Killed an ancient lich
 63910 | Zot:5    | Received a gift from Okawaru
 64056 | Zot:5    | Gained mutation: You are frail. (-10% HP) [an orb of fire]
 64079 | Zot:5    | Gained mutation: Your body sometimes deteriorates upon
                  | taking damage. [an orb of fire]
 64080 | Zot:5    | Killed an orb of fire
 64510 | Zot:5    | Killed an ancient lich
 64542 | Zot:5    | Received a gift from Okawaru
 64543 | Zot:5    | Found the +1 cloak of Starlight {rElec rC+ EV+4 Stlth--}
 64677 | Zot:5    | Lost mutation: Your spells are a little harder to cast, but
                  | a little more powerful. [potion of mutation]
 64677 | Zot:5    | Lost mutation: You are mostly covered in large bone plates.
                  | (SH +6) [potion of mutation]
 64677 | Zot:5    | Gained mutation: You have a pair of small horns on your
                  | head. [potion of mutation]
 64677 | Zot:5    | Gained mutation: Your flesh is heat resistant. (rF+)
                  | [potion of mutation]
 64678 | Zot:5    | Lost mutation: Your body sometimes deteriorates upon taking
                  | damage. [potion of mutation]
 64678 | Zot:5    | Lost mutation: You have a pair of small horns on your head.
                  | [potion of mutation]
 64678 | Zot:5    | Gained mutation: You are somewhat resistant to further
                  | mutation. [potion of mutation]
 64691 | Zot:5    | Got the Orb of Zot
 65004 | Depths:4 | Noticed Vengid the pandemonium lord
 65303 | D:13     | Noticed Yjuj the pandemonium lord
 65324 | D:13     | Killed Yjuj the pandemonium lord
 65338 | D:12     | Noticed a seraph
 65661 | D:1      | Noticed Enoerot the pandemonium lord
 65673 | D:1      | Killed Enoerot the pandemonium lord
 65673 | D:1      | Reached skill level 15 in Dodging
 65723 | D:$      | Escaped with the Orb!

Levels and vault maps discovered:
D:1:      sevenhm_arrival_forest_fort_large_2, layout_basic,
          nemelex_xobeh_ov_fountains_minmay
D:2:      minmay_door_path, layout_basic
D:3:      layout_basic
D:4:      layout_loops_ring, kennysheep_mini, minmay_temple_entry_tees,
          nicolae_ru_sacrificial_ziggurat, uniq_robin
D:5:      layout_loops_corners, first_ration
D:6:      layout_cave_pools, serial_shops, shop
D:7:      layout_loops_cross, grunt_ogre_cave, uniq_pikel
D:8:      layout_basic
D:9:      layout_basic, uniq_joseph
D:10:     layout_gridville, erik_lair_island, roderic_serpentine_path
D:11:     layout_big_octagon, serial_bayou, serial_bayou_shore_b,
          serial_bayou_pond_c, serial_bayou_ford_a, serial_bayou_crossing,
          hangedman_abyss_or_decor_stagger, uniq_maurice
D:12:     layout_cave_pools, minivault_22, kennysheep_generic_room_5
D:13:     layout_roguey, skrybe_vaults_entry_preservation,
          hangedman_cracks_in_the_wall, uniq_azrael
D:14:     layout_loops_corners, minmay_misc_feat_secret_circle, serial_shops,
          shop
D:15:     gammafunk_enter_depths_forms, layout_cave_pools,
          ebering_ghost_inner_flame, minivault_16, uniq_nessos
Temple:   kilobyte_greek_temple
Lair:1:   layout_regular_city, enter_volcano_3, gauntlet_entry_generic,
          lemuel_fruit_fields, grunt_megastairs_1, lemuel_fruit_tree, uniq_grum,
          uniq_fannar
Lair:2:   layout_layer_cave, special_room [special_room_bee],
          ebering_ghost_funeral_grove, grunt_megastairs_3
Lair:3:   minmay_lair_oklob_tunnel, layout_layer_cave, dummy_snake_entry,
          st_stairs_10, grunt_megastairs_2
Lair:4:   layout_misc_corridors, minmay_shoals_entry_centaurs,
          kennysheep_catoblepas_arena
Lair:5:   layout_layer_cave, beast_lair_carwin_9, uniq_josephine
Lair:6:   minmay_lair_end_frog_pond, layout_cave_pods, slime_altar_1,
          st_stairs_13, serial_bayou_pond_d, serial_bayou_shore_a,
          infiniplex_staircase_pool, serial_bayou_shore_b
Shoals:1: gammafunk_its_a_trap, layout_shoals, serial_shops, shop_coins,
          uniq_nikola
Shoals:2: layout_shoals, nicolae_shoals_water_shrine
Shoals:3: layout_shoals
Shoals:4: shoals_end_simple, layout_shoals
Snake:1:  layout_onion
Snake:2:  layout_layer_cave, serial_shops, nicolae_shop_crystal, uniq_donald
Snake:3:  hangedman_cross_stitches, layout_misc_corridors, uniq_vashnia
Snake:4:  grunt_snake_rune_pools, layout_cave_town, serial_shops, shop_statue
Slime:1:  layout_caves
Slime:2:  layout_caves
Slime:3:  layout_caves
Slime:4:  layout_caves
Slime:5
Orc:1:    cheibrodos_orc_guarddog, layout_diamond_mine, basic_altar
Orc:2:    st_orc_congregation, layout_diamond_mine
Elf:1:    minmay_elf_arrival_plus, layout_geoelf_octagon,
          hangedman_elf_disciples
Elf:2:    layout_geoelf_octagon, special_room [special_room_orc],
          lemuel_statue_altar
Elf:3:    minmay_elf_hall_not_hex, layout_rooms
Vaults:1: st_octagons_1, hangedman_vaults_pinch, nicolae_vaults_shelves_hall,
          nicolae_vaults_ring_of_whatevers, vaults_dpeg_spiral, v_rooms_5,
          nicolae_vaults_big_angled_halls, vaults_room_corners,
          nicolae_vaults_what_the_h, ontoclasm_vaults_ligature,
          vaults_room_large_hall, nicolae_vaults_diagonal_hallway_7,
          vaults_mumra_minichess, layout_vaults_omnicross, serial_shops, shop,
          shop, nicolae_shop_trees, shop
Vaults:2: v_misc_31, hangedman_vaults_locks, v_misc_9, ontoclasm_vaults_chip,
          vaults_room_stairs_pillars, minmay_crypt_entry_necro_gods,
          nicolae_vaults_hallways_thing, hangedman_vaults_impose, v_misc_18,
          v_pattern_4, nicolae_vaults_specimen_jars, layout_vaults_omnigrid
Vaults:3: hangedman_vaults_snaps, hangedman_vaults_slither,
          vaults_mumra_chevron, vaults_mumra_hex, dpeg_vaults_monster_row,
          vaults_dpeg_diagonal, vaults_standard_mumra_enter_the_diamond,
          ontoclasm_vaults_chip, grunt_vaults_hallway_short, v_misc_25,
          nicolae_vaults_display_case, layout_vaults_omnibox, basic_altar,
          uniq_boris, uniq_bai_suzhen
Vaults:4: v_misc_11, nicolae_vaults_network_square, hangedman_vaults_nails,
          hangedman_vaults_corner_blocks, vaults_room_stairs_pillars,
          nicolae_vaults_yaktaur_gun_rack, nicolae_vaults_big_ls,
          nicolae_vaults_little_squares_3, v_pattern_2,
          nicolae_vaults_diagonal_hallway_7, nicolae_vaults_little_ls,
          layout_vaults_maze_bifur, trove_entry_hex_spiral
Depths:1: minmay_the_grid_triangle_9x9_recursive_3_mashed
          [minmay_the_grid_triangle_9x9_steps,
          minmay_the_grid_triangle_9x9_longest,
          minmay_the_grid_triangle_9x9_empty,
          minmay_the_grid_triangle_9x9_prize_insulated,
          minmay_the_grid_triangle_9x9_negative_grid,
          minmay_the_grid_triangle_9x9_subtriangle,
          minmay_the_grid_triangle_9x9_corruption,
          minmay_the_grid_triangle_9x9_stretched_checkered,
          minmay_the_grid_triangle_9x9_impossible_snake], layout_basic,
          minmay_curled_crystal, grunt_hell_entry_dis_grunt, skrybe_limestone_x,
          drop_trap
Depths:2: lemuel_minitomb, layout_honeycomb, pf_coc_iceberg,
          serial_co_window_serial, co_window_paths_a, co_window_paths_a,
          co_window_paths_a, co_window_paths_a, co_window_paths_a,
          co_window_of_opportunity_c, co_window_corner_b, co_window_2corner,
          co_window_4corner_a, glass_columns_a, glass_columns_b,
          glass_columns_a, glass_columns_b, glass_columns_c, uniq_mara
Depths:3: hangedman_slaughterboxes, hell_entry, pan_entry
Depths:4: thingy_vault_2, layout_cave_pools, abyss_entry,
          minmay_stone_trees_small, pf_hell_entry_tar_river, nicolae_rare_books,
          minmay_shoptagon
Depths:5: grunt_x_marks_the_spot, layout_cave_shapes, pf_dread_powers_of_hell,
          abyss_entry_flame_altar, columned_hall_lemuel, serial_bayou_shore_b
Zot:1:    grunt_zot_stairs_faceoff, layout_twisted_circle
Zot:2:    layout_misc_corridors, hangedman_elemental_grid_stream
Zot:3:    layout_cathedral_of_symmetry
Zot:4:    evilmike_crystal_ball_defense, layout_twisted_circle,
          gammafunk_ghost_grave
Zot:5:    layout_misc_corridors

Skill      XL: |  1  2  3  4  5  6  7  8  9 10 11 12 13 14 15 16 17 18 19 20 21 22 23 24 25 26 27 |
---------------+----------------------------------------------------------------------------------+-----
Unarmed Combat | 3 4 5 6 8 9 11 12 14 16 17 18 19 20 22 23 | 23.0
Shields        | 3 4 5 6 7 8 9 10 11 13 14 15 | 15.0
Invocations    | 3 5 6 7 8 |  8.0
Evocations     | 1 4 5 |  5.0
Fighting       | 3 5 7 8 9 10 11 12 13 14 15 18 21 23 25 | 25.7
Armour         | 4 6 8 9 10 11 12 13 14 17 | 17.0
Dodging        | 4 6 7 8 9 10 11 15 | 15.0
Throwing       | 4 |  4.1

Action                   |  1- 3 |  4- 6 |  7- 9 | 10-12 | 13-15 | 16-18 | 19-21 | 22-24 | 25-27 || total
-------------------------+-------+-------+-------+-------+-------+-------+-------+-------+-------++-------
Melee: Unarmed           |    90 |   208 |   307 |   837 |  1340 |  1526 |  1501 |  1095 |  2190 ||  9094
 Fire: Fustibalus        |       |       |       |       |     9 |       |       |       |       ||     9
Throw: Dart              |       |       |       |     2 |       |       |       |       |       ||     2
       Large rock        |       |       |       |       |     6 |     4 |       |       |       ||    10
       Throwing net      |       |       |       |       |       |       |       |       |     2 ||     2
Invok: Heroism           |       |       |     4 |    20 |    23 |    37 |    30 |    20 |    35 ||   169
       Finesse           |       |       |       |     1 |     2 |     4 |     2 |     2 |    12 ||    23
 Abil: Evoke Blink       |       |       |       |       |     2 |     5 |     1 |     1 |     7 ||    16
Evoke: Wand              |       |       |     9 |    23 |     9 |     1 |       |     1 |     8 ||    51
       Lightning rod     |       |       |       |       |       |       |     1 |       |     3 ||     4
  Use: Scroll            |       |     1 |     3 |     6 |     5 |    11 |    16 |     5 |    21 ||    68
       Potion            |       |       |       |     2 |       |     7 |     3 |     1 |    27 ||    40
 Stab: Sleeping          |     1 |       |     2 |     1 |       |       |       |       |       ||     4
       Petrifying        |       |       |       |       |     2 |       |       |       |       ||     2
       Distracted        |       |       |       |       |       |       |       |     3 |     3 ||     6
       Held in net/web   |       |       |       |       |       |       |       |       |     2 ||     2
  Eat: Chunk             |     7 |    21 |    15 |    81 |    71 |    60 |    61 |    40 |    23 ||   379
       Ration            |     2 |       |       |     1 |     5 |    12 |     6 |     7 |    32 ||    65
Armor: Robe              |    35 |    66 |    47 |   213 |     2 |       |       |       |       ||   363
       Storm dragon scal |       |       |       |       |   339 |   294 |   148 |    77 |   159 ||  1017
       Pearl dragon scal |       |       |       |       |       |       |       |       |   106 ||   106
       Gold dragon scale |       |       |       |       |       |       |       |       |    84 ||    84
Dodge: Dodged            |    29 |    69 |    85 |   235 |   182 |   256 |   149 |   108 |   376 ||  1489
Block: Shield            |    39 |   102 |   126 |   444 |   206 |       |       |       |       ||   917
       Large shield      |       |       |       |       |   715 |  1680 |  1233 |   896 |  2017 ||  6541
       Reflection        |       |       |       |       |    19 |   194 |   130 |   100 |    90 ||   533
